 Dungeon Crawl Stone Soup version 0.17-a0-1787-g4aeb8be (webtiles) character file.

377510 greatheavenlyone the Ruinous (level 22, -1/264 HPs)
             Began as a Purple Draconian Conjurer on Sept 3, 2015.
             Was the Champion of Sif Muna.
             Succumbed to a ghost moth's poison
             ... on level 4 of the Spider Nest on Sept 9, 2015.
             The game lasted 07:15:53 (81879 turns).

greatheavenlyone the Ruinous (DrCj)                Turns: 81879, Time: 07:15:53

Health: -1/264     AC: 21    Str:  6 (13) XL:     22   Next: 12%
Magic:  2/59       EV: 14    Int: 30 (33) God:    Sif Muna [******]
Gold:   1416       SH:  0    Dex:  7 (12) Spells: 11 memorised, 2 levels left

rFire  + . .     SeeInvis +     R - +5 morningstar "Vosuby" {holy, rElec rC+ Str-3 Int+6}
rCold  + . .     Clarity  +     (armour unavailable)
rNeg   . . .     SustAt   .     (no shield)
rPois  .         Gourm    .     N - +2 hat
rElec  +         Spirit   .     J - +1 cloak of the Hippo {rElec MP+9 Int+2 Stlth-}
rCorr  .         Warding  .     y - +2 pair of gloves {rF+}
rMut   .         Stasis   .     q - +2 pair of boots {run}
MR     +++..                    D - amulet of clarity
Stlth  ..........               u - ring of see invisible
                                X - ring of magical power

@: berserking (expiring), lethally poisoned (-1 -> -20), very slightly
contaminated, repel missiles, very quick, extremely resistant to hostile
enchantments, extremely unstealthy
A: breathe power, unfitting armour, deterioration 1, mutation resistance 1,
cold-blooded, AC +11
a: Breathe Dispelling Energy, Channel Energy, Forget Spell, Renounce Religion
}: 1/15 runes: decaying


You were on level 4 of the Spider Nest.
You worshipped Sif Muna.
Sif Muna was exalted by your worship.
You were not hungry.

You visited 8 branches of the dungeon, and saw 41 of its levels.
You also visited: Labyrinth and Volcano.

You collected 3797 gold pieces.
You spent 2381 gold pieces at shops.

Inventory:

Hand weapons
 R - the +5 morningstar "Vosuby" (weapon) {holy, rElec rC+ Str-3 Int+6}
   (You found it in a labyrinth)

   It has been blessed by the Shining One to cause great damage to the undead
   and demons.
   It affects your strength (-3).
   It affects your intelligence (+6).
   It protects you from cold.
   It insulates you from electricity.
Armour
 q - a +2 pair of boots of running (worn)
 v - the +2 cloak of Salvation {+Fly Str+3 Dex+3 Stlth+}
   (You found it on level 5 of the Lair of Beasts)

   It affects your strength (+3).
   It affects your dexterity (+3).
   It lets you fly.
   It makes you more stealthy.
 y - a +2 pair of gloves of fire resistance (worn)
 J - the +1 cloak of the Hippo (worn) {rElec MP+9 Int+2 Stlth-}
   (You acquired it on level 1 of the Spider Nest)

   It affects your intelligence (+2).
   It insulates you from electricity.
   It affects your magic capacity (+9).
   It makes you less stealthy.
 N - a +2 hat (worn)
Magical staves
 k - an uncursed staff of cold
Rods
 Y - a +4 rod of clouds (10/10)
   (You found it in a labyrinth)
Jewellery
 i - the ring "Xoxaetho" {rPois MR+}
   (You found it on level 3 of the Vaults)

   [ring of protection from magic]

   It protects you from poison.
   It affects your resistance to hostile enchantments.
 o - a +2 ring of intelligence
 u - a ring of see invisible (right hand)
 B - the ring "Tossim" {Str-3 Int+4 Dex+2 Stlth-}
   (You found it on level 3 of the Spider Nest)

   [ring of loudness]

   It affects your strength (-3).
   It affects your intelligence (+4).
   It affects your dexterity (+2).
   It makes you less stealthy.
 D - an amulet of clarity (around neck)
 U - an uncursed ring of ice
 V - an uncursed ring of fire
 X - a ring of magical power (left hand)
Magical devices
 F - a wand of teleportation (0)
 K - a wand of draining (0)
 P - a wand of paralysis (11)
 W - a wand of disintegration (0)
Scrolls
 f - a scroll of amnesia
 g - 20 scrolls of identify
 h - 5 scrolls of magic mapping
 p - a scroll of fear
 z - 8 scrolls of remove curse
 L - a scroll of fog
Potions
 c - 3 potions of cancellation
 e - a potion of agility
 j - a potion of cure mutation
 m - 4 potions of resistance
 n - 3 potions of berserk rage
 r - 2 potions of lignification
 E - 3 potions of might
 I - a potion of flight
 O - a potion of haste
 Q - 2 potions of brilliance
Books
 b - a book of Ice

   Spells                             Type                      Level
   a - Ice Form                       Ice/Transmutation            4
   b - Metabolic Englaciation         Hexes/Ice                    5
   c - Ozocubu's Refrigeration        Ice                          6
   d - Bolt of Cold                   Conjuration/Ice              6
   e - Freezing Cloud                 Conjuration/Ice/Air          6
   f - Simulacrum                     Ice/Necromancy               6
 l - Sif Muna's Incunabulum of the Unholy Snowflakes
   (Sif Muna gifted it to you on level 4 of the Spider Nest)

   Spells                             Type                      Level
   a - Ensorcelled Hibernation        Hexes/Ice                    2
   b - Excruciating Wounds            Charms/Necromancy            5
   c - Freezing Cloud                 Conjuration/Ice/Air          6
   d - Haunt                          Necromancy/Summoning         7
Miscellaneous
 a - a sack of spiders {used: 5}
 d - a stone of tremors (inert)
 S - a phantom mirror
Comestibles
 t - a beef jerky
 A - 2 royal jellies
 C - a fruit
 H - 8 meat rations


   Skills:
 - Level 10.2 Fighting
 - Level 10.3 Dodging
 - Level 1.7 Stealth
 - Level 15.5 Spellcasting
 - Level 21.0 Conjurations
   Level 3.1 Hexes
 - Level 4.0 Charms
 * Level 20.1 Ice Magic
 - Level 5.4 Earth Magic
 - Level 5.6 Invocations
 - Level 4.1 Evocations


You had 2 spell levels left.
You knew the following spells:

 Your Spells              Type           Power        Failure   Level  Hunger
a - Magic Dart            Conj           ####         0%          1    None
b - Orb of Destruction    Conj           #######...   1%          7    #####..
c - Iron Shot             Conj/Erth      #######...   1%          6    ###....
d - Irradiate             Conj/Trmt      ######....   1%          5    None
e - Iskenderun's Battles  Conj/Chrm      #######.     1%          5    None
f - Iskenderun's Mystic   Conj           #######.     0%          4    None
g - Stone Arrow           Conj/Erth      ######       1%          3    None
h - Glaciate              Conj/Ice       #######...   38%         9    #######
i - Repel Missiles        Chrm/Air       #####.       1%          2    None
j - Blink                 Tloc           N/A          3%          2    None
k - Simulacrum            Ice/Necr       ######....   8%          6    ###....


Dungeon Overview and Level Annotations

Branches:
Dungeon (15/15)            Temple (0/1) D:7            Lair (8/8) D:10
  Swamp (4/4) Lair:6       Spider (4/4) Lair:6        Slime (0/6) Lair:6
    Orc (4/4) D:11            Elf (0/3) Orc:4        Vaults (4/5) D:13
  Crypt (1/3) Vaults:3     Depths (1/5) D:15

Altars:
Ashenzari
Cheibriados
Dithmenos
Fedhas
Kikubaaqudgha
Okawaru
Ru
Sif Muna
Trog
Vehumet
Xom
Yredelemnul
Zin
The Shining One
Beogh

Shops:
D:7 [   D:8 !   D:9 [   D:15 :   Orc:4 }}??   Vaults:4 !

Portals:
Hell: Depths:1

Annotations:
D:5 1 runed door, exclusion: moth of wrath
Depths:1 3 runed doors, the Enchantress


Innate Abilities, Weirdness & Mutations

You can breathe bolts of dispelling energy.
Your rich purple scales are hard (AC +11).
Your body does not fit into most forms of armour.
You are cold-blooded and may be slowed by cold attacks.
Your body sometimes deteriorates upon taking damage.
You are somewhat resistant to further mutation.


Message History

You are very lightly contaminated with residual magic.
As you read the scroll of blinking, it crumbles to dust.
* * * LOW HITPOINT WARNING * * *
You feel very sick.
* * * LOW HITPOINT WARNING * * *
You feel very sick.
The ghost moth seems less drained.
Drink which item? (? for menu, Esc to quit)
A red film seems to cover your vision as you go berserk!
You feel yourself moving faster!
You feel mighty!
* * * LOW HITPOINT WARNING * * *
You feel very sick.
You are too berserk!
You feel a strong urge to attack something.
* * * LOW HITPOINT WARNING * * *
You feel sick.
* * * LOW HITPOINT WARNING * * *
You feel sick.
You feel your anger subside.
You die...

...###.....#.#..<..^...#........#
...................##...........#
.......#..#....."........#.......
.?.#..^......#...............#..#
...^.........^......#.........###
..(.........#...^.......<.%..##
.#.......................^..##
.....#....".......^.^....#..##
...#...#........@...#..#^...^#
..#...^............^^.......##
............^......^.#....^###
###............^..######.....#
####.........#### #!....##
###.''s#### ### ##.....# ##..y#
###≈### ###.### #....####Z...≈###
### ##≈...≈##.^.≈..≈≈###


You could see a ghost moth (invisible) and a demonic crawler.

Vanquished Creatures
  Saint Roka (Depths:1)
  Arachne (Spider:2)
  Gastronok (Lair:3)
  A thorn hunter (Swamp:3)
  A shadow dragon (Vaults:4)
  Kirke (Lair:7)
  A revenant (Crypt:1)
  Wiglaf (Vaults:1)
  A deep elf sorcerer (Vaults:1)
  Donald (Swamp:4)
  A frost giant (Vaults:3)
  Maud (Lair:8)
  A fire giant (Depths:1)
  An orc warlord (Orc:4)
  5 vault wardens
  4 ghost moths
  8 emperor scorpions
  A spriggan defender (D:15)
  7 ironheart preservers
  The ghost of Everild the Spear-Bearer, a powerful TrMo of Okawaru (Orc:4)
  4 stone giants
  A salamander stormcaller (Vaults:4)
  11 vault guards
  Snorg (Lair:3)
  An ettin (Depths:1)
  3 fire dragons
  6 yaktaur captains
  A minotaur (Lab)
  3 rakshasas
  2 ice dragons
  An entropy weaver (shapeshifter) (Vaults:1)
  Harold (D:11)
  3 great orbs of eyes
  22 hydras
  4 entropy weavers
  A catoblepas (Lair:8)
  3 ghost crabs
  A satyr (shapeshifter) (Vaults:1)
  The ghost of Illiel the Archer, a powerful HEAM of Okawaru (Lair:2)
  5 alligators
  A queen ant (Lair:8)
  12 death yaks
  9 ogre magi
  8 centaur warriors
  3 deep troll shamans
  A deep troll earth mage (Vaults:2)
  A tengu warrior (Depths:1)
  2 deep elf knights (Vaults:1)
  A shadow wraith (Vaults:2)
  A large abomination (Vaults:1)
  2 flayed ghosts
  2 wizards
  2 storm dragon skeletons (Vaults:3)
  An unseen horror (Vaults:1)
  2 giant orange brains
  14 skeletal warriors
  2 spriggan druids
  10 swamp dragons
  6 deep trolls
  7 hill giants
  A necromancer (Vaults:1)
  3 shambling mangroves
  A deep elf conjurer (Vaults:3)
  18 ugly things
  An orb spider (shapeshifter) (D:14)
  2 deep elf summoners (Vaults:1)
  4 orc knights
  6 cyclopes
  An orc sorcerer (Orc:4)
  30 wolf spiders
  7 ironbrand convokers
  9 hornets
  8 griffons
  2 lindwurms
  A salamander (shapeshifter) (D:13)
  An octopode (shapeshifter) (Vaults:1)
  2 tengu skeletons (Vaults:3)
  21 orb spiders
  4 moths of wrath
  6 centaur zombies
  6 black mambas
  3 toenail golems (Volcano)
  A stone giant skeleton (Vaults:3)
  Joseph (Lair:1)
  11 elephants
  2 torpor snails
  2 black mambas (shapeshifter)
  3 vault sentinels
  5 kobold demonologists
  A titan simulacrum (Vaults:1)
  3 efreet
  27 spiny frogs
  28 yaktaurs
  6 komodo dragons
  19 demonic crawlers
  2 deep elf priests (Vaults:1)
  A troll (shapeshifter) (Vaults:1)
  14 trolls
  A yaktaur skeleton (Vaults:3)
  4 fire drakes
  A jumping spider (shapeshifter) (D:15)
  A fire drake (shapeshifter) (Vaults:1)
  A tengu conjurer (D:14)
  31 jumping spiders
  A harpy skeleton (D:15)
  2 polar bears
  34 slime creatures
  25 blink frogs
  19 two-headed ogres
  5 freezing wraiths
  6 giant leeches
  A stone giant simulacrum (Vaults:2)
  6 bog bodies
  6 deep elf magi
  A trapdoor spider zombie (D:14)
  4 boulder beetles
  28 tarantellas
  48 redbacks
  4 spriggans
  8 wraiths
  A vampire (D:14)
  An ettin skeleton (Vaults:3)
  18 trapdoor spiders
  49 yaks
  3 shadows
  A golden eye (shapeshifter) (Vaults:3)
  4 wyverns
  An elf zombie (Vaults:1)
  5 hogs
  6 humans (Volcano)
  A steam dragon (D:15)
  5 basilisks
  A hungry ghost (D:7)
  A hog (shapeshifter) (Vaults:1)
  18 wolves
  9 hippogriffs
  5 deep elf fighters (Vaults:1)
  21 vampire mosquitoes
  10 soldier ants
  3 wargs
  4 mottled dragons
  20 swamp worms
  9 swamp drakes
  A deep troll skeleton (Vaults:3)
  14 porcupines
  7 ice beasts
  19 water moccasins
  35 orc warriors
  4 sky beasts
  4 phantoms
  2 black bears
  29 spiders
  9 wasps
  24 centaurs
  17 crocodiles
  4 boggarts (Vaults:1)
  52 ogres
  2 big kobolds
  A brain worm (D:14)
  A water moccasin zombie (D:12)
  17 giant frogs
  5 scorpions
  A troll zombie (D:8)
  4 killer bees (D:12)
  An electric eel (Spider:4)
  9 wights
  A human simulacrum (Vaults:1)
  3 giant frog zombies
  11 crimson imps
  6 jellies
  3 human zombies (D:8)
  44 orc wizards
  11 centaur skeletons
  A gnoll shaman (D:7)
  7 hounds
  5 giant frog skeletons
  23 orc priests
  35 worker ants
  14 iguanas
  A quasit (D:13)
  6 human skeletons
  36 sheep
  3 hound zombies
  An ogre zombie (D:8)
  3 hound skeletons
  2 worker ant zombies (D:11)
  20 adders
  56 river rats
  12 gnolls
  3 shadow imps
  3 oozes (D:1)
  4 worms
  An adder skeleton (D:9)
  An adder zombie (D:8)
  219 orcs
  3 ball pythons
  9 bats
  14 giant cockroaches
  7 goblins
  13 hobgoblins
  2 jackals (D:10)
  5 quokkas
  3 giant geckos
  4 giant newts
  A jackal skeleton (D:4)
  19 kobolds
  An orc zombie (D:8)
  2 quokka skeletons
  A quokka zombie (D:5)
  8 rats
  A crawling corpse (Vaults:1)
  4 fungi
  A plant (Lair:8)
1793 creatures vanquished.

Vanquished Creatures (collateral kills)
  An orc warrior (Vaults:4)
1 creature vanquished.

Vanquished Creatures (others)
  A deep elf knight (Vaults:1)
  A wolf spider (Spider:4)
  A jumping spider (Spider:2)
  A human (Lair:8)
  6 blocks of ice
  78 fulminant prisms
  75 fungi
  39 plants
202 creatures vanquished.

Grand Total: 1996 creatures vanquished

Notes
Turn   | Place    | Note
--------------------------------------------------------------
     0 | D:1      | greatheavenlyone the Draconian Conjurer began the quest for the Orb.
     0 | D:1      | Reached XP level 1. HP: 14/14 MP: 3/3
    88 | D:1      | Reached XP level 2. HP: 17/20 MP: 3/5
   569 | D:1      | Reached skill level 5 in Conjurations
   569 | D:1      | Reached XP level 3. HP: 22/26 MP: 0/6
  1574 | D:2      | Noticed an ice beast
  1972 | D:2      | Reached XP level 4. HP: 33/33 MP: 2/7
  1987 | D:2      | Found a glowing golden altar of the Shining One.
  2191 | D:3      | Learned a level 2 spell: Searing Ray
  2195 | D:3      | Learned a level 3 spell: Dazzling Spray
  2736 | D:3      | Reached skill level 6 in Conjurations
  3049 | D:4      | Reached XP level 5. HP: 38/38 MP: 0/8
  3843 | D:4      | Reached skill level 7 in Conjurations
  4127 | D:4      | Identified a +1 pair of boots of running (You found it on level 4 of the Dungeon)
  4207 | D:4      | Found a shimmering altar of Xom.
  4425 | D:4      | Found a shattered altar of Ashenzari.
  4435 | D:4      | Found a deep blue altar of Sif Muna.
  4571 | D:4      | Reached XP level 6. HP: 45/45 MP: 4/9
  4736 | D:4      | Found an iron altar of Okawaru.
  5301 | D:5      | Entered Level 5 of the Dungeon
  5338 | D:5      | Reached skill level 8 in Conjurations
  5594 | D:5      | Your scales start taking on a rich purple colour.
  5594 | D:5      | Reached XP level 7. HP: 46/50 MP: 3/10
  5773 | D:5      | Reached skill level 9 in Conjurations
  6017 | D:5      | Upgraded the game from 0.17-a0-1760-ga6756ae to 0.17-a0-1763-g847a857
  6374 | D:4      | Became a worshipper of Sif Muna the Loreminder
  6602 | D:5      | Found a basalt altar of Yredelemnul.
  6610 | D:5      | Found a shadowy altar of Dithmenos.
  6724 | D:5      | Noticed a moth of wrath
  6730 | D:5      | Found a bloodstained altar of Trog.
  7021 | D:5      | Found a runed door.
  7033 | D:5      | Found a runed door.
  7044 | D:5      | Reached skill level 10 in Conjurations
  7062 | D:5      | Reached XP level 8. HP: 25/57 MP: 3/11
  7284 | D:5      | Reached skill level 1 in Hexes
  7619 | D:5      | Learned a level 4 spell: Fulminant Prism
  7839 | D:6      | Found a snail-covered altar of Cheibriados.
  7946 | D:6      | Acquired Sif Muna's first power
  8437 | D:6      | Reached skill level 11 in Conjurations
  8575 | D:6      | Found an ancient bone altar of Kikubaaqudgha.
  8713 | D:6      | Found a sacrificial altar of Ru.
  9148 | D:6      | Acquired Sif Muna's second power
  9549 | D:7      | Reached XP level 9. HP: 57/62 MP: 0/12
  9576 | D:7      | Reached skill level 1 in Invocations
 10492 | D:7      | Reached skill level 5 in Invocations
 10562 | D:7      | Found a blossoming altar of Fedhas.
 10652 | D:7      | Found a staircase to the Ecumenical Temple.
 11557 | D:7      | Reached skill level 5 in Spellcasting
 11584 | D:7      | Found Zisiclen's Armour Boutique.
 11597 | D:7      | Bought a +0 pair of gloves for 58 gold pieces
 11597 | D:7      | Bought a +0 cloak for 58 gold pieces
 12738 | D:8      | Found a glowing silver altar of Zin.
 12856 | D:8      | Learned a level 5 spell: Iskenderun's Battlesphere
 12994 | D:8      | Found Cauthafi's Distillery.
 13002 | D:8      | Bought a potion of degeneration for 12 gold pieces
 13002 | D:8      | Bought a potion of curing for 36 gold pieces
 13069 | D:8      | Reached skill level 1 in Charms
 13228 | D:8      | Reached XP level 10. HP: 67/69 MP: 17/20
 13381 | D:8      | Learned a level 4 spell: Iskenderun's Mystic Blast
 13540 | D:8      | Found a basalt altar of Yredelemnul.
 13736 | D:8      | Reached skill level 12 in Conjurations
 14392 | D:9      | Acquired Sif Muna's third power
 15085 | D:9      | Found Peti's Antique Armour Boutique.
 15270 | D:10     | Entered Level 10 of the Dungeon
 15530 | D:10     | Noticed a hill giant
 16004 | D:10     | Reached skill level 13 in Conjurations
 16077 | D:10     | Found a staircase to the Lair.
 16183 | D:11     | Noticed Harold
 16411 | D:11     | Noticed a brown ugly thing
 17287 | D:10     | Killed a hill giant
 17287 | D:10     | Reached skill level 14 in Conjurations
 17368 | Lair:1   | Entered Level 1 of the Lair of Beasts
 17501 | Lair:1   | Reached XP level 11. HP: 74/74 MP: 16/21
 17645 | Lair:1   | Noticed Joseph
 17712 | Lair:1   | Killed Joseph
 18793 | Lair:2   | Received a gift from Sif Muna
 18794 | Lair:2   | Identified Sif Muna's Papyrus of Conjuration (Sif Muna gifted it to you on level 2 of the Lair of Beasts)
 18984 | Lair:2   | Learned a level 3 spell: Stone Arrow
 19010 | Lair:2   | Reached skill level 1 in Earth Magic
 19205 | Lair:2   | Noticed Illiel's ghost (powerful HEAM)
 19584 | Lair:2   | Killed Illiel's ghost
 20631 | Lair:3   | Noticed Snorg
 20780 | Lair:3   | Killed Snorg
 20780 | Lair:3   | Reached skill level 15 in Conjurations
 21961 | Lair:3   | Reached XP level 12. HP: 81/81 MP: 16/24
 22219 | Lair:3   | Noticed Gastronok
 22287 | Lair:3   | Killed Gastronok
 22287 | Lair:3   | Reached skill level 5 in Dodging
 23301 | Lair:4   | Got a pair of slimy gloves
 23314 | Lair:4   | Identified the +0 pair of gloves "Ixtokk" {Regen+} (You found it on level 4 of the Lair of Beasts)
 23793 | Lair:4   | Found a radiant altar of Vehumet.
 24859 | Lair:5   | Got a scorched cloak
 24870 | Lair:5   | Identified the +2 cloak of Salvation {+Fly Str+3 Dex+3 Stlth+} (You found it on level 5 of the Lair of Beasts)
 25049 | Lair:5   | Received a gift from Sif Muna
 25050 | Lair:5   | Identified Sif Muna's Disquisition on Battle Magic and the Volcanoes (Sif Muna gifted it to you on level 5 of the Lair of Beasts)
 25055 | Lair:5   | Learned a level 3 spell: Conjure Flame
 25355 | Lair:6   | Found a hole to the Spider Nest.
 25355 | Lair:6   | Noticed a four-headed hydra
 25370 | Lair:5   | Killed a four-headed hydra
 25619 | Lair:6   | Found a staircase to the Slime Pits.
 25923 | Lair:6   | Reached XP level 13. HP: 96/96 MP: 21/25
 26196 | Lair:6   | Reached skill level 10 in Dodging
 26553 | Lair:6   | Found a staircase to the Swamp.
 27246 | Lair:7   | Noticed Kirke
 27361 | Lair:6   | Reached skill level 16 in Conjurations
 27649 | Lair:7   | Learned a level 3 spell: Confuse
 29172 | Lair:7   | Noticed a sphinx
 29180 | Lair:7   | Killed Kirke
 29180 | Lair:7   | Received a gift from Sif Muna
 29180 | Lair:7   | Reached skill level 10 in Spellcasting
 29181 | Lair:7   | Identified Sif Muna's Almanac of Lucky Earth (Sif Muna gifted it to you on level 7 of the Lair of Beasts)
 29320 | Lair:8   | Entered Level 8 of the Lair of Beasts
 29755 | Lair:8   | Reached XP level 14. HP: 104/104 MP: 8/29
 30378 | Lair:8   | Noticed Maud
 30643 | Lair:8   | Reached skill level 17 in Conjurations
 30648 | Lair:8   | Killed Maud
 31175 | Lair:8   | Received a gift from Sif Muna
 31178 | Lair:8   | Identified Sif Muna's Compendium of Execration (Sif Muna gifted it to you on level 8 of the Lair of Beasts)
 31821 | Lair:8   | Reached skill level 18 in Conjurations
 31845 | Lair:8   | Got a smoking spear
 31847 | Lair:8   | Identified the +1 spear of Imminent Death {freeze, rElec Int+6} (You found it on level 8 of the Lair of Beasts)
 31855 | Lair:8   | Got a scorched brass amulet
 31875 | Lair:8   | Identified the amulet "Esiup" {*Corrode rElec rN+ Regen+ Str+2} (You found it on level 8 of the Lair of Beasts)
 31907 | Lair:8   | Learned a level 8 spell: Lehudib's Crystal Spear
 31917 | Lair:8   | Upgraded the game from 0.17-a0-1763-g847a857 to 0.17-a0-1775-g10da671
 33060 | D:11     | Killed Harold
 33149 | D:11     | Killed a brown ugly thing
 33217 | D:11     | Noticed a four-headed hydra
 33224 | D:11     | Killed a four-headed hydra
 33396 | D:11     | Found a roughly hewn altar of Beogh.
 33396 | D:11     | Found a staircase to the Orcish Mines.
 33563 | Orc:1    | Entered Level 1 of the Orcish Mines
 34401 | Orc:2    | Found a dark tunnel.
 34409 | Volcano  | Entered a volcano
 35393 | Orc:3    | Received a gift from Sif Muna
 35402 | Orc:3    | Reached skill level 19 in Conjurations
 35639 | Orc:3    | Learned a level 7 spell: Orb of Destruction
 35646 | Orc:3    | Learned a level 6 spell: Iron Shot
 35842 | Orc:4    | Entered Level 4 of the Orcish Mines
 35920 | Orc:4    | Noticed Everild's ghost (powerful TrMo)
 35926 | Orc:4    | Killed Everild's ghost
 35926 | Orc:4    | Reached XP level 15. HP: 110/110 MP: 11/31
 36061 | Orc:4    | Found a staircase to the Elven Halls.
 36165 | Orc:4    | Reached skill level 5 in Earth Magic
 36537 | Orc:4    | Found Quxke's Gadget Shop.
 36634 | Orc:2    | Found a roughly hewn altar of Beogh.
 37705 | Orc:4    | Found Qadaaqiv's Gadget Emporium.
 37710 | Orc:4    | Found Kisatig's Magic Scroll Boutique.
 37711 | Orc:4    | Found Foidiut's Magic Scroll Shop.
 37729 | Orc:4    | Bought a scroll of teleportation for 51 gold pieces
 39163 | D:11     | Noticed a five-headed hydra
 39167 | D:11     | Killed a five-headed hydra
 39553 | D:12     | Found Ireaneen's Food Boutique.
 40478 | D:13     | Reached skill level 20 in Conjurations
 41008 | D:13     | Reached skill level 5 in Fighting
 41850 | D:13     | Found a gate to the Vaults.
 41852 | D:13     | Upgraded the game from 0.17-a0-1775-g10da671 to 0.17-a0-1787-g4aeb8be
 42735 | D:14     | Found a labyrinth entrance.
 42744 | Lab      | Entered a labyrinth
 43080 | Lab      | Identified a +4 rod of clouds (10/10) (You found it in a labyrinth)
 43081 | Lab      | Identified a +8 rod of clouds (11/11) (You took it off a minotaur in a labyrinth)
 43110 | Lab      | Got an encrusted morningstar
 43113 | D:14     | Identified the +5 morningstar "Vosuby" {holy, rElec rC+ Str-3 Int+6} (You found it in a labyrinth)
 43149 | D:14     | Reached skill level 1 in Evocations
 44541 | D:15     | Entered Level 15 of the Dungeon
 44610 | D:15     | Reached XP level 16. HP: 96/132 MP: 13/32
 45091 | D:15     | Reached skill level 10 in Fighting
 45447 | D:15     | Found Kigga's Book Boutique.
 45454 | D:15     | Bought a book of Annihilations for 1766 gold pieces
 46084 | D:15     | Found a staircase to the Depths.
 46114 | Depths:1 | Entered Level 1 of the Depths
 46114 | Depths:1 | Found a gateway to Hell.
 46114 | Depths:1 | Noticed Saint Roka
 46404 | Lair:2   | Received a gift from Sif Muna
 46411 | Lair:2   | Learned a level 2 spell: Repel Missiles
 46414 | Lair:2   | Learned a level 2 spell: Blink
 46485 | Spider:1 | Entered Level 1 of the Spider Nest
 47323 | Swamp:1  | Entered Level 1 of the Swamp
 49218 | Swamp:2  | Learned a level 9 spell: Glaciate
 49378 | Swamp:3  | Reached skill level 1 in Ice Magic
 49751 | Swamp:3  | Gained mutation: Your body sometimes deteriorates upon taking damage. [potion of mutation]
 49751 | Swamp:3  | Gained mutation: You are frail (-10% HP). [potion of mutation]
 49751 | Swamp:3  | Gained mutation: Scrolls take you a little longer to read. [potion of mutation]
 49752 | Swamp:3  | Lost mutation: Scrolls take you a little longer to read. [potion of cure mutation]
 49752 | Swamp:3  | Lost mutation: You are frail (-10% HP). [potion of cure mutation]
 49752 | Swamp:3  | Lost mutation: Your body sometimes deteriorates upon taking damage. [potion of cure mutation]
 50587 | Swamp:3  | Reached skill level 5 in Ice Magic
 50768 | Swamp:3  | Received a gift from Sif Muna
 50773 | Swamp:3  | Identified Sif Muna's Volume of the Snowflakes and Conjuration (Sif Muna gifted it to you on level 3 of the Swamp)
 51029 | Swamp:3  | *blows dick off*
 51055 | Swamp:4  | Entered Level 4 of the Swamp
 51594 | Swamp:4  | Noticed Donald
 51828 | Swamp:4  | Killed Donald
 52567 | Swamp:4  | Reached XP level 17. HP: 123/140 MP: 0/35
 53119 | Swamp:4  | Got a decaying rune of Zot
 53889 | Depths:1 | ((you didnt survive that))
 53889 | Depths:1 | ((please stop pvpving))
 53889 | Depths:1 | ((im contacting a gm please wait))
 54052 | D:15     | Daluan dodges and smirks.
 54393 | Depths:1 | Killed Saint Roka
 54393 | Depths:1 | Received a gift from Sif Muna
 54399 | Depths:1 | Identified Sif Muna's Grimoire of Damaging Snow (Sif Muna gifted it to you on level 1 of the Depths)
 54405 | Depths:1 | Learned a level 4 spell: Condensation Shield
 54709 | Depths:1 | Got a clouded glass ring
 54711 | Depths:1 | Identified the ring "Ahedomit" {Wiz *Corrode rC+ rN+} (You found it on level 1 of the Depths)
 54728 | Depths:1 | Found a runed door.
 54732 | Depths:1 | Found a runed door.
 54749 | Depths:1 | Found a runed warning-scrawled door.
 55558 | D:12     | Bought a bread ration for 65 gold pieces
 55558 | D:12     | Bought a beef jerky for 19 gold pieces
 55558 | D:12     | Bought a bread ration for 65 gold pieces
 55558 | D:12     | Bought 3 fruits for 58 gold pieces
 55558 | D:12     | Bought a beef jerky for 19 gold pieces
 55558 | D:12     | Bought a royal jelly for 26 gold pieces
 55558 | D:12     | Bought a beef jerky for 19 gold pieces
 55558 | D:12     | Bought a meat ration for 65 gold pieces
 56123 | Depths:1 | Noticed the Enchantress
 56124 | D:15     | Reached skill level 21 in Conjurations
 56638 | Vaults:1 | Entered Level 1 of the Vaults
 56942 | Vaults:1 | ((please stop stealth abusing))
 57440 | Vaults:1 | You fall through a shaft!
 58067 | Vaults:2 | Reached skill level 10 in Ice Magic
 59144 | Vaults:2 | Received a gift from Sif Muna
 59199 | Vaults:2 | Learned a level 5 spell: Irradiate
 61383 | Vaults:1 | Reached XP level 18. HP: 144/148 MP: 32/36
 61462 | Vaults:1 | Noticed Wiglaf
 62988 | Vaults:1 | Received a gift from Sif Muna
 62989 | Vaults:1 | Identified Sif Muna's Grimoire of Confrontation (Sif Muna gifted it to you on level 1 of the Vaults)
 63361 | Vaults:1 | Killed Wiglaf
 65647 | Vaults:1 | ((why are you attacking me for no reason))
 66680 | Vaults:1 | Reached skill level 15 in Ice Magic
 67619 | Vaults:3 | Received a gift from Sif Muna
 67620 | Vaults:3 | Identified Sif Muna's Second Course in Sorcery (Sif Muna gifted it to you on level 3 of the Vaults)
 69425 | Vaults:3 | Found a staircase to the Crypt.
 69437 | Crypt:1  | Entered Level 1 of the Crypt
 69863 | Vaults:3 | HP: 5/148 [yaktaur captain/bolt of frost (10)]
 70384 | Vaults:4 | Reached XP level 19. HP: 94/154 MP: 1/37
 70393 | Vaults:4 | HP: 8/231 [yaktaur captain (7)]
 70413 | Vaults:4 | no exit
 70957 | Vaults:4 | Found Tang's Distillery.
 70974 | Vaults:4 | Bought a potion of curing for 48 gold pieces
 70974 | Vaults:4 | Bought a potion of degeneration for 16 gold pieces
 71700 | Vaults:3 | Got a scintillating brass ring
 71704 | Vaults:3 | Identified the ring "Xoxaetho" {rPois MR+} (You found it on level 3 of the Vaults)
 71747 | Vaults:3 | *daluan enterss the gate and kills thd ndw wizard***
 71747 | Vaults:3 | wow what a gay lol
 71942 | D:13     | Received a gift from Sif Muna
 71943 | D:13     | Identified Sif Muna's Volume of Parts Unknown (Sif Muna gifted it to you on level 13 of the Dungeon)
 72851 | Spider:1 | Identified a scroll of acquirement
 72854 | Spider:1 | Got a twisted cloak
 73020 | Spider:1 | Identified the +1 cloak of the Hippo {rElec MP+9 Int+2 Stlth-} (You acquired it on level 1 of the Spider Nest)
 73773 | Spider:2 | Noticed Arachne
 73781 | Spider:2 | Killed Arachne
 74508 | Spider:2 | Gained mutation: Your body sometimes deteriorates upon taking damage. [potion of mutation]
 74508 | Spider:2 | Gained mutation: You are somewhat resistant to further mutation. [potion of mutation]
 76894 | Spider:3 | Received a gift from Sif Muna
 76895 | Spider:3 | Identified Sif Muna's Catalogue of Gliding Confrontation (Sif Muna gifted it to you on level 3 of the Spider Nest)
 77868 | Spider:3 | Got a fine wooden ring
 78292 | Spider:4 | Entered Level 4 of the Spider Nest
 78768 | Spider:4 | Identified the ring "Tossim" {Str-3 Int+4 Dex+2 Stlth-} (You found it on level 3 of the Spider Nest)
 80280 | Spider:4 | Reached XP level 20. HP: 144/161 MP: 36/38
 80385 | Spider:4 | Received a gift from Sif Muna
 80386 | Spider:4 | Identified Sif Muna's Incunabulum of the Unholy Snowflakes (Sif Muna gifted it to you on level 4 of the Spider Nest)
 81603 | Spider:3 | Reached XP level 21. HP: 168/168 MP: 39/39
 81604 | Spider:3 | Reached skill level 15 in Spellcasting
 81604 | Spider:3 | Reached XP level 22. HP: 176/176 MP: 41/41
 81733 | Spider:4 | Received a gift from Sif Muna
 81813 | Spider:4 | Learned a level 6 spell: Simulacrum
 81874 | Spider:4 | HP: 7/176 [poisoned by a ghost moth]
 81876 | Spider:4 | HP: 3/264 [poisoned by a ghost moth]
 81878 | Spider:4 | HP: 1/264 [poisoned by a ghost moth]
 81879 | Spider:4 | Succumbed to a ghost moth's poison

Vault maps used:
D:1:      erik_arrival_gehennom
D:2:      lemuel_coloured_pillars_altar
D:3:      minmay_stone_trees_medium
D:4:      kennysheep_big_flooded_room, xom_butterflies,
          amethyst_overflow_temple_binary, okawaru_altar_gauntlet_db
D:5:      lemuel_insect_pit, tgw_trog, grunt_temple_overflow_open, first_bread,
          nrook_mini_vaults
D:6:      lemuel_doored_altar, nicolae_ru_great_annihilating_truth,
          cheibriados_altar_1
D:7:      lemuel_temple_firewalk_marked, serial_shops, nicolae_shop_stone,
          the_bakery, minivault_19, fedhas_bush_and_centaur_altar
D:8:      zin_academy, serial_shops, shop, lemuel_mausoleum_altar_yredelemnul
D:9:      serial_shops, nicolae_shop_stone
D:10:     due_lair_maze_entry_diamond
D:11:     david_orc_5, uniq_harold
D:12:     minmay_goldmine, serial_shops, shop_statue
D:13:     lightli_vaults_fourway_checkpoint
D:14:     lab_entry_generic, minivault_19
D:15:     grunt_enter_depths_hoard, serial_shops,
          nicolae_shop_temple_entry_statues_fountains, hangedman_decor_opposing
Lair:1:   uniq_joseph
Lair:2:   serial_bayou_lagoon_a, st_stairs_11
Lair:3:   cheibrodos_lair_caveside_slide, uniq_gastronok, uniq_snorg
Lair:4:   basic_altar, beast_lair_carwin_5
Lair:5:   serial_bayou_lake_a
Lair:6:   swamp_mist, dummy_spider_entry, minmay_slime_entry_pillars
Lair:7:   lemuel_fruit_tree, uniq_kirke
Lair:8:   grunt_lair_end_beastmaster, minmay_another_anthill,
          infiniplex_staircase_pool_2, uniq_maud
Swamp:1:  nicolae_swamp_rocky_clearing, swamp_pool3
Swamp:2:  evilmike_swamp_ruin_rubble_2, infiniplex_staircase_pool
Swamp:3:  evilmike_swamp_ruin_rubble_1
Swamp:4:  swamp_alternative, swamp_pool3, uniq_donald
Spider:2: spider_trap, nicolae_spider_shape, uniq_arachne
Spider:4: spider_rune_water
Orc:2:    nicolae_volcano_entry_s_turn, basic_altar, guppyfry_library_mini
Orc:3:    nicolae_orc_pool_cavern
Orc:4:    st_orc_open
Vaults:1: nicolae_vaults_what_the_h, v_rooms_2, hangedman_vaults_locks,
          ontoclasm_vaults_twist, v_misc_27, vaults_room_grid, v_rooms_5,
          v_misc_25, ontoclasm_vaults_ring_small,
          nicolae_vaults_little_squares_4, nicolae_vaults_rhombus_6,
          vaults_room_door_ring, nicolae_vaults_little_squares_6, uniq_wiglaf
Vaults:2: vaults_mumra_minichess, hangedman_vaults_slice,
          ontoclasm_vaults_misaligned, nicolae_vaults_triangles,
          vaults_room_hallway, nicolae_vaults_puzzle_piece, v_misc_26,
          vaults_mumra_minichess_inversion, vaults_dpeg_ring,
          nicolae_vaults_little_squares_2, serial_shops, nicolae_shop_crystal
Vaults:3: v_alt_pattern_5, vaults_mumra_hex, hangedman_vaults_slice,
          nicolae_vaults_diagonal_hallway_6, nicolae_vaults_yaktaur_gun_rack,
          vaults_room_door_ring, v_pattern_3, ontoclasm_vaults_eye,
          ontoclasm_vaults_ring_small, ontoclasm_vaults_ring_large,
          dpeg_vaults_waves, minmay_crypt_entry_skeletal_spiral,
          nicolae_vaults_diagonal_hallway_7, mu_enter_wizlab_5
Vaults:4: grunt_vaults_diagonal, v_misc_15, v_misc_31, grunt_vaults_bifocal,
          v_misc_16, nicolae_vaults_mini_display_case, vaults_mumra_hexcomb,
          serial_shops, nicolae_shop_window_shopping
Crypt:1:  grunt_crypt_arrival_webbed, uniq_khufu, uniq_mara
Depths:1: hangedman_abyss_entry_splay, hell_entry, solitary_fountain,
          mikee_hates_you, uniq_saint_roka, uniq_enchantress
Lab:      labyrinth_hidden_loot
Volcano:  volcano_bunker

Action                   |  1- 3 |  4- 6 |  7- 9 | 10-12 | 13-15 | 16-18 | 19-21 | 22-24 || total
-------------------------+-------+-------+-------+-------+-------+-------+-------+-------++-------
Melee: Unarmed           |    29 |    10 |    25 |       |       |       |       |       ||    64
       Dagger            |       |    90 |     4 |   197 |    91 |       |       |       ||   382
       Flail             |       |       |    94 |       |       |       |       |       ||    94
       Spear             |       |       |       |       |   528 |       |       |       ||   528
       Morningstar       |       |       |       |       |    73 |   366 |    73 |     6 ||   518
       Staff             |       |       |       |       |       |     2 |       |       ||     2
 Cast: Magic Dart        |    83 |   154 |   461 |   426 |   536 |    54 |    82 |       ||  1796
       Searing Ray       |       |     5 |    13 |    28 |     3 |       |       |       ||    49
       Fulminant Prism   |       |       |     4 |    11 |    62 |     2 |       |       ||    79
       Dazzling Spray    |       |       |     5 |     6 |       |       |       |       ||    11
       Iskenderun's Batt |       |       |       |    39 |    82 |    26 |    54 |       ||   201
       Iskenderun's Myst |       |       |       |    15 |   165 |   204 |    97 |     2 ||   483
       Stone Arrow       |       |       |       |   113 |   333 |   334 |   261 |     8 ||  1049
       Conjure Flame     |       |       |       |     1 |     3 |       |       |       ||     4
       Orb of Destructio |       |       |       |       |    19 |   116 |    28 |       ||   163
       Confuse           |       |       |       |       |     1 |       |       |       ||     1
       Iron Shot         |       |       |       |       |    27 |   242 |    42 |     2 ||   313
       Repel Missiles    |       |       |       |       |       |     4 |     2 |       ||     6
       Irradiate         |       |       |       |       |       |     2 |    12 |     1 ||    15
       Condensation Shie |       |       |       |       |       |     2 |       |       ||     2
       Blink             |       |       |       |       |       |     8 |     2 |       ||    10
       Glaciate          |       |       |       |       |       |       |     7 |       ||     7
       Simulacrum        |       |       |       |       |       |       |       |     2 ||     2
Invok: Channel Energy    |       |       |     3 |    11 |    29 |    35 |    14 |       ||    92
       Forget Spell      |       |       |       |       |     1 |     3 |       |       ||     4
 Abil: Evoke Teleportati |     2 |       |       |       |       |       |       |       ||     2
       Breathe Dispellin |       |       |     1 |     2 |     3 |     1 |       |       ||     7
Evoke: Wand              |       |     3 |     4 |     2 |     4 |     8 |    11 |     3 ||    35
       Sack of spiders   |       |       |       |     1 |       |     1 |       |     3 ||     5
       Rod               |       |       |       |       |     1 |     2 |       |       ||     3
       Stone of tremors  |       |       |       |       |       |     1 |     2 |       ||     3
  Use: Scroll            |     2 |     9 |     8 |    13 |    11 |    25 |     9 |     1 ||    78
       Potion            |       |       |     1 |     4 |     2 |     9 |    12 |     1 ||    29
 Stab: Sleeping          |     1 |       |       |     2 |     8 |     1 |       |       ||    12
       Distracted        |       |       |       |       |     3 |       |       |       ||     3
  Eat: Chunk             |     3 |    14 |    21 |    32 |    64 |    65 |    34 |     1 ||   234
       Royal jelly       |     1 |       |       |       |       |       |       |       ||     1
       Beef jerky        |       |       |     2 |     2 |     2 |     4 |     2 |       ||    12
       Meat ration       |       |       |     1 |     1 |     3 |     1 |       |       ||     6
       Bread ration      |       |       |       |     2 |     1 |    19 |     3 |       ||    25
       Fruit             |       |       |       |       |     1 |     8 |     7 |       ||    16
       Pizza             |       |       |       |       |       |     1 |     1 |       ||     2
